 Dungeon Crawl Stone Soup version 0.13-a0-1536-gedae9ec (webtiles) character file.

153 Kae the Cudgeler (level 4, -6/40 HPs)
             Began as a Minotaur Berserker on June 9, 2013.
             Was a Believer of Trog.
             Mangled by a gnoll
             ... wielding a +0,+0 halberd
              (8 damage)
             ... on Level 2 of the Dungeon.
             The game lasted 00:00:47 (1058 turns).

Kae the Cudgeler (Minotaur Berserker)               Turns: 1058, Time: 00:00:47

HP  -6/40        AC  2     Str 22      XL: 4   Next:  1%
MP   1/1         EV 12     Int  4      God: Trog [**....]
Gold 85          SH  0     Dex 10      Spells:  0 memorised,  3 levels left

Res.Fire  : . . .   See Invis. : .   a - +0 mace
Res.Cold  : . . .   Warding    : .   b - +0 animal skin
Life Prot.: . . .   Conserve   : .   (no shield)
Res.Poison: .       Res.Corr.  : .   (helmet restricted)
Res.Elec. : .       Clarity    : .   (no cloak)
Sust.Abil.: . .     Spirit.Shd : .   (no gloves)
Res.Mut.  : .       Stasis     : .   (no boots)
Res.Rott. : .       Flight     : .   (no amulet)
Saprovore : . . .                    (no ring)
                                     (no ring)

@: confused, slightly resistant to hostile enchantments, very unstealthy
A: retaliatory headbutt, horns 2
a: Burn Spellbooks, Berserk, Trog's Hand, Renounce Religion


You were on level 2 of the Dungeon.
You worshipped Trog.
Trog was most pleased with you.
You were hungry.

You visited 1 branch of the dungeon, and saw 3 of its levels.

You collected 65 gold pieces.

Inventory:

Hand weapons
 a - a +0,+0 mace (weapon)
Armour
 b - a +0 animal skin (worn)
Comestibles
 c - 2 bread rations
 j - 2 meat rations
 l - a lychee
 o - a choko
Scrolls
 d - a scroll of curse weapon {unknown}
 f - a scroll of amnesia {unknown}
 g - a scroll of recharging {unknown}
 h - a scroll of identify {unknown}
 m - a scroll of noise {unknown}
 p - 2 scrolls of teleportation {unknown}
Potions
 e - a potion of curing {unknown}
 i - a potion of restore abilities {unknown}
 k - a potion of confusion {unknown}
 n - a potion of beneficial mutation {unknown}


   Skills:
 + Level 4.1 Fighting
 * Level 4.7 Maces & Flails
 + Level 3.1 Armour
 + Level 2.9 Dodging


You had 3 spell levels left.
You didn't know any spells.

Dungeon Overview and Level Annotations

Branches:
Dungeon (3/27)

Altars:

Annotations
D:3 Ijyb


Innate Abilities, Weirdness & Mutations

You reflexively headbutt those who attack you in melee.
You have a pair of horns on your head.


Message History

In your confused state, you trip and fall back down the stairs.
* * * LOW HITPOINT WARNING * * *
Ijyb zaps a wand.
You resist.
Unknown command.
Unknown command.
Unknown command.
Unknown command.
Unknown command.
Ijyb screams, "No!
No, no, no, no!"
Ijyb zaps a wand.
You are more confused.
In your confused state, you trip and fall back down the stairs.
* * * LOW HITPOINT WARNING * * *
You are feeling hungry.
Unknown command.
Unknown command.
Unknown command.
You climb upwards.
The gnoll hits you from afar with a halberd!
You die...

#....# #.# #### #.#..# #.# #...
#....###.## #.## ###..##...####
#.# #..........# #.#
#..##......##### #.#
#..###.......g.########### #.#
#........................# #.#
#..###.....###@#########.###.#
###..#######.# #......###...##.#
......######.#####........#....#
.............##........##...####
##.............[##.##..###.###
#.....####.%#####.##%.###...#
##.............%.>..........#
##.#.#.##........##<.####..#
#.#.#.##.###.#####..####..####


You could see a gnoll.

Vanquished Creatures
  2 gnolls (D:2)
  3 giant mites (D:1)
  A worm (D:2)
  6 bats
  A giant cockroach (D:1)
  4 goblins
  3 hobgoblins
  A giant newt (D:1)
  3 kobolds
  3 rats
27 creatures vanquished.

Vanquished Creatures (others)
  A ball python (D:1)
1 creature vanquished.

Grand Total: 28 creatures vanquished

Notes
Turn   | Place    | Note
--------------------------------------------------------------
     0 | D:1      | Kae, the Minotaur Berserker, began the quest for the Orb.
     0 | D:1      | Reached XP level 1. HP: 19/19 MP: 0/0
   263 | D:1      | Reached XP level 2. HP: 15/26 MP: 0/0
   318 | D:1      | Reached skill level 4 in Maces & Flails
   519 | D:1      | Reached XP level 3. HP: 23/33 MP: 1/1
  1028 | D:2      | Acquired Trog's second power
  1028 | D:2      | Reached XP level 4. HP: 12/40 MP: 1/1
  1028 | D:2      | HP: 1/40 [gnoll/spear (12)]
  1052 | D:3      | Noticed Ijyb
  1056 | D:3      | HP: 2/40 [fell downstairs (1)]
  1058 | D:2      | Mangled by a gnoll

Action                   |  1- 3 |  4- 6 || total
-------------------------+-------+-------++-------
Melee: Mace              |    67 |       ||    67
